 Dungeon Crawl Stone Soup version 0.29-a0-802-g34511f41fd (webtiles) character file.

Game seed: 9546558415572969866

310538 wingedge the Bewitcher (level 20, -17/121 HPs)
             Began as a Vampire Enchanter on July 1, 2022.
             Was a High Priest of Wu Jian.
             Killed by the air
             ... invoked by a spriggan air mage
              (26 damage)
             ... on level 2 of the Depths on July 3, 2022.
             The game lasted 09:37:58 (51470 turns).

wingedge the Bewitcher (Vampire Enchanter)         Turns: 51470, Time: 09:38:06

Health: -17/121    AC: 12    Str:  7    XL:     20   Next: 40%
Magic:  15/46      EV: 15    Int: 18    God:    Wu Jian [*****.]
Gold:   1228       SH: 19    Dex: 18    Spells: 6/46 levels left

rFire   + + +      SeeInvis +   a - +5 rapier (flame)
rCold   + + .      Faith    .   Y - +2 tower shield
rNeg    + + +      Spirit   .   R - +2 leather armour of Nuehoit {rF++ MP+9 Int-5}
rPois   ∞          Reflect  .   n - +2 helmet
rElec   .          Harm     .   D - scarf {repulsion}
rCorr   .          Rampage  .   i - +0 pair of gloves
Will    +++++      Clarity  +   f - +1 pair of boots
Stlth   +++++++++.              L - amulet of the Four Winds {rN+ Will+++ Clar}
HPRegen 0.00/turn               I - ring of protection from fire
MPRegen 0.30/turn               N - ring of wizardry

@: exhausted, forested, bloodless, inhibited regen, repel missiles
A: bloodless, fangs 3, see invisible, vampiric 2
}: 2/15 runes: barnacled, gossamer
a: Bat Form, Revivify, Renounce Religion, Wall Jump, Serpent's Lash, Heavenly
Storm


You were on level 2 of the Depths.
You worshipped Wu Jian.
Wu Jian was extremely pleased with you.
You visited 9 branches of the dungeon, and saw 39 of its levels.
You also visited: Bailey and Ice Cave.

You collected 5388 gold pieces.
You spent 4160 gold pieces at shops.

Inventory:

Hand Weapons
 a - a +5 rapier of flaming (weapon)
 b - a +3 antimagic rapier
Armour
 f - a +1 pair of boots (worn)
 i - a +0 pair of gloves (worn)
 n - a +2 helmet (worn)
 p - an orb of guile
 D - a scarf of repulsion (worn)
 R - the +2 leather armour of Nuehoit (worn) {rF++ MP+9 Int-5}
   (You took it off a vault sentinel on level 4 of the Vaults)

   Int:       It affects your intelligence (-5).
   rF:        It greatly protects you from fire.
   MP:        It affects your magic capacity (+9).
 U - a scarf of shadows
 X - the +3 leather armour of the Shoals {MP+9 Int+7 Stlth+}
   (You bought it in a shop on level 11 of the Dungeon)

   Int:       It affects your intelligence (+7).
   MP:        It affects your magic capacity (+9).
   Stlth:     It makes you more stealthy.
 Y - a +2 tower shield (worn)
 Z - a +0 leather armour of resistance
Jewellery
 t - a +6 ring of intelligence
 v - a +4 ring of slaying
 F - a +4 ring of protection
 I - a ring of protection from fire (left hand)
 J - a ring of resist corrosion
 L - the amulet of the Four Winds (around neck) {rN+ Will+++ Clar}
   (You found it on level 4 of the Shoals)

   [amulet of nothing]

   rN:        It protects you from negative energy.
   Clar:      It protects you against confusion.
   Will:      It greatly increases your willpower.
 N - a ring of wizardry (right hand)
 T - a +4 ring of evasion
Wands
 k - a wand of polymorph (11)
 l - a wand of light (10)
 A - a wand of roots (3)
 B - a wand of mindburst (42)
 K - a wand of digging (21)
 P - a wand of charming (23)
 W - a wand of flame (12)
Scrolls
 c - a scroll of brand weapon
 e - 3 scrolls of silence
 g - 11 scrolls of vulnerability
 m - a scroll of fear
 x - 3 scrolls of summoning
 y - 14 scrolls of teleportation
 z - 4 scrolls of torment
 C - 3 scrolls of amnesia
 E - 2 scrolls of fog
 Q - 4 scrolls of magic mapping
 S - 2 scrolls of enchant armour
Potions
 h - 18 potions of curing
 j - 4 potions of ambrosia
 o - 9 potions of flight
 r - 3 potions of magic
 s - 5 potions of might
 u - 3 potions of haste
 w - 2 potions of cancellation
 G - 9 potions of brilliance
 H - 6 potions of mutation
 M - a potion of resistance
 O - a potion of invisibility


   Skills:
 + Level 11.7 Fighting
 * Level 15.7 Short Blades
 - Level 6.0 Armour
 + Level 12.0 Dodging
 + Level 17.1 Stealth
 * Level 9.9 Shields
 * Level 13.5 Spellcasting
 - Level 3.0 Conjurations
 * Level 18.7 Hexes
 + Level 13.1 Summonings
 + Level 8.2 Translocations
 - Level 8.3 Transmutations
 - Level 7.0 Ice Magic
 - Level 1.0 Earth Magic


You had 6 spell levels left.
You knew the following spells:

 Your Spells              Type           Power      Damage    Failure   Level
a - Ensorcelled Hibernat  Hex/Ice        100%       N/A       1%          2
b - Confusing Touch       Hex            68%        N/A       1%          3
c - Enfeeble              Hex            34%        N/A       8%          7
d - Metabolic Englaciati  Hex/Ice        27%        N/A       2%          5
e - Summon Mana Viper     Hex/Summ       62%        N/A       1%          5
f - Summon Forest         Summ/Tloc      25%        N/A       7%          5
g - Summon Cactus Giant   Summ           28%        N/A       14%         6
x - Wereblood             Tmut           42%        N/A       1%          2
y - Yara's Violent Unrav  Hex/Tmut       28%        3d12      2%          5

Your spell library contained the following spells:

 Spells                   Type           Power      Damage    Failure   Level
 Beastly Appendage        Tmut           84%        N/A       1%          1
 Summon Small Mammal      Summ           100%       N/A       1%          1
 Call Canine Familiar     Summ           56%        N/A       1%          3
 Dazzling Flash           Conj/Hex       100%       N/A       1%          3
 Gell's Gravitas          Tloc           41%        N/A       1%          3
 Inner Flame              Hex/Fire       45%        N/A       1%          3
 Portal Projectile        Hex/Tloc       100%       N/A       1%          3
 Summon Guardian Golem    Hex/Summ       62%        N/A       1%          3
 Teleport Other           Tloc           41%        N/A       1%          3
 Tukima's Dance           Hex            68%        N/A       1%          3
 Ozocubu's Armour         Ice            37%        N/A       3%          3
 Leda's Liquefaction      Hex/Erth       23%        N/A       3%          4
 Passwall                 Tmut/Erth      24%        N/A       4%          2
 Anguish                  Hex/Necr       22%        N/A       4%          4
 Magic Dart               Conj           88%        1d7       6%          1
 Foxfire                  Conj/Fire      68%        2x1d7     11%         1
 Spider Form              Tmut/Pois      27%        N/A       11%         3
 Blade Hands              Tmut           21%        N/A       17%         5
 Ignite Poison            Fire/Tmut/Pois 22%        N/A       19%         3
 Iskenderun's Mystic Bla  Conj/Tloc      32%        2d8       19%         4
 Conjure Flame            Conj/Fire      17%        6-21      32%         3
 Mephitic Cloud           Conj/Pois/Air  15%        N/A       36%         3
 Irradiate                Conj/Tmut      16%        3d18      45%         5
 Swiftness                Air            12%        N/A       50%         3
 Vampiric Draining        Necr           12%        2d6       50%         3
 Dispersal                Tloc           20%        N/A       67%         6
 Flame Wave               Conj/Fire      17%        2d6       69%         4
 Sticky Flame             Conj/Fire      17%        2d4       69%         4
 Freezing Cloud           Conj/Ice/Air   12%        6-21      77%         5
 Iskenderun's Battlesphe  Conj           22%        2d8       82%         5
 Animate Dead             Necr           12%        N/A       86%         4
 Corpse Rot               Necr/Pois/Air  12%        N/A       86%         4
 Lee's Rapid Deconstruct  Erth           7%         3d8*      97%         5
 Borgnjor's Vile Clutch   Necr/Erth      6%         N/A       98%         5
 Statue Form              Tmut/Erth      19%        N/A       98%         6
 Simulacrum               Ice/Necr       12%        N/A       99%         6
 Conjure Ball Lightning   Conj/Air       8%         3x3d6     100%        6
 Death Channel            Necr           6%         N/A       100%        6
 Starburst                Conj/Fire      8%         6d4       100%        6
 Malign Gateway           Summ/Tloc      25%        N/A       87%         7
 Dragon Form              Tmut           21%        N/A       99%         7
 Summon Horrible Things   Summ           28%        N/A       99%         8
 Polar Vortex             Ice            18%        N/A       100%        9
 Shatter                  Erth           7%         3d10*     100%        9


Dungeon Overview and Level Annotations

Branches:
Dungeon (15/15)            Temple (1/1) D:7            Lair (6/6) D:9
 Shoals (4/4) Lair:4       Spider (4/4) Lair:4        Slime (0/5) Lair:5
    Orc (2/2) D:12            Elf (1/3) Orc:2        Vaults (4/5) D:14
  Crypt (0/3) Vaults:2     Depths (2/4) D:15         Bailey (visited)
  IceCv (visited)

Altars:
Dithmenos
Gozag
Nemelex Xobeh
Okawaru
Sif Muna
Vehumet
Wu Jian
Xom
Jiyva

Shops:
D:6 ?   D:8 (?:   D:11 *   D:12 *   D:14 =   Orc:2 :?!?   Shoals:1 ==[([
Shoals:4 (   Vaults:1 (?   Vaults:2 (   Vaults:3 *   Vaults:4 :

Portals:
Hell: Depths:1


Innate Abilities, Weirdness & Mutations

You do not regenerate when monsters are visible.
You are frail without blood (-20% HP).
You can heal yourself when you bite living creatures.
You are immune to poison.
You have razor-sharp teeth.
You have supernaturally acute eyesight. (SInv)
You are afflicted with vampirism and can become a bat while bloodless.


Message History

Aim: a sphinx (will inflict weakness and antimagic, chance to daze and blind: 87%)
Okay, then.
The shock serpent changes into a steelbarb worm!
The steelbarb worm changes into a merfolk!
The spriggan air mage waves its arms in wide circles.
The air twists around and strikes you!!
* * * LOW HITPOINT WARNING * * *
Okay, then.
Okay, then.
Casting: Enfeeble (dangerous; 8% risk of failure)
Confirm with . or Enter, or press ? or * to list all spells.
Aiming: Enfeeble (dangerous; 8% risk of failure)
Press: ? - help, Shift-Dir - straight line, p - merfolk
Okay, then.
Unknown command.
Okay, then.
Okay, then.
Okay, then.
Casting: Enfeeble (dangerous; 8% risk of failure)
Confirm with . or Enter, or press ? or * to list all spells.
A forested plane collides here with a resounding crunch!
Your dryad calls out to the forest.
The forest starts to sway and rumble!
You hear a shout!
A fire giant comes into view.
It is wielding a +0 great sword of flaming.
The spriggan air mage falters for a moment.
The spriggan air mage falters for a moment.
A root lunges up near the sphinx.
A tree reaches out and hits the merfolk!
The spriggan air mage's magic is no longer disrupted.
The spriggan air mage is no longer weakened.
There is a stone staircase leading up here.
Trunks creak and shift.
A root smacks the sphinx from below!
A root smacks the merfolk from below!
The fire giant casts a spell at you. The bolt of fire hits you! You resist.
* * * LOW HITPOINT WARNING * * *
The spriggan air mage waves its arms in wide circles.
The air twists around and strikes you!!
You die...

.....).[.....♣ #
♣..........#####
..♣#...#.♣)........
#...............>..
P#♣...♣m#.........
#♣##♣........<.§...
.......HRi..C≈≈§...
..^...♣.....≈≈§≈≈≈.
.#♣....@....§§§≈≈≈≈
#♣#....♣♣.§§≈§≈≈≈
♣..........≈§...
§..♣.........≈
≈≈.≈..........§
≈≈.≈.......♣..♣
.........≈....§
....≈.....≈....


You could see a fire giant, a sphinx (distracted), a merfolk shaped shifter, a
spriggan air mage (repels missiles, ally target) and a friendly dryad
(summoned).

Vanquished Creatures
  Margery (Vaults:4)
  A bone dragon (Vaults:2)
  Mlioglotl (Spider:3)
  6 sphinxes
  4 frost giants
  Donald (Shoals:4)
  4 fire giants (Depths:1)
  8 emperor scorpions
  3 orc warlords
  10 vault wardens
  3 ghost moths
  Aizul (Shoals:3)
  The ghost of zeratav the Grappler, a journeyman TrFi of Ru (Lair:6)
  5 very ugly things
  6 stone giants (Depths:1)
  A war gargoyle (Vaults:2)
  A broodmother (Spider:3)
  4 ironbound preservers
  8 ironbound thunderhulks
  5 dire elephants
  Azrael (D:15)
  7 entropy weavers
  3 spark wasps
  4 ettins
  8 merfolk impalers
  A crystal guardian (Vaults:2)
  A merfolk javelineer (Shoals:1)
  8 yaktaur captains
  The ghost of Coguiqiqih the Fighter, a journeyman DrCA of Ignis (Lair:2)
  5 great orbs of eyes
  9 vault guards
  An ice dragon (Depths:2)
  13 boulder beetles
  6 hydras
  3 rakshasas
  A peacekeeper (Vaults:2)
  4 ironbound frosthearts
  An anaconda (shapeshifter) (D:15)
  3 merfolk avatars
  A catoblepas (D:14)
  A jorogumo (Spider:3)
  2 deep troll shamans (Depths:1)
  4 two-headed ogres
  2 radroaches (Spider:1)
  8 centaur warriors
  2 merfolk aquamancers
  3 tengu warriors (D:14)
  A death scarab (Spider:3)
  Erica (D:9)
  3 death yaks
  3 orc high priests (Orc:2)
  17 slime creatures
  A vampire mage (Depths:1)
  Nergalle (Lair:2)
  3 spectral death yaks (Lair:6)
  A hell knight (Vaults:4)
  Amaemon (D:8)
  6 orb spiders
  5 pharaoh ants
  8 sea snakes
  A spectral anaconda (Lair:6)
  2 sun moths
  11 deep trolls
  A spectral hydra (Lair:6)
  An obsidian statue (Lair:6)
  5 steelbarb worms
  A storm dragon skeleton (Vaults:4)
  7 wizards
  15 orc knights
  3 glowing orange brains
  5 necromancers
  Pikel (D:4)
  3 deep elf pyromancers
  11 wolf spiders
  15 ironbound convokers
  4 lindwurms
  16 harpies
  13 ugly things
  2 deep elf zephyrmancers
  3 moths of wrath
  5 fauns
  7 manticores
  4 orc sorcerers
  11 cyclopes
  A sphinx skeleton (Vaults:4)
  8 merfolk sirens
  Maurice (Orc:1)
  8 elephants
  12 vault sentinels
  3 torpor snails
  An ice statue (IceCv)
  16 cane toads
  5 water nymphs
  2 black mambas (Lair:3)
  An orange demon (D:8)
  A gargoyle (D:12)
  A dire elephant skeleton (Lair:6)
  A rime drake (shapeshifter) (D:15)
  17 rime drakes
  An unseen horror (D:11)
  A yaktaur zombie (Vaults:4)
  An efreet (D:15)
  12 komodo dragons
  12 yaktaurs
  6 demonic crawlers
  A tengu conjurer (D:14)
  A yaktaur skeleton (Vaults:4)
  5 meliai
  A queen bee (Spider:3)
  8 trolls
  16 merfolk
  11 polar bears
  20 tarantellas
  7 wind drakes
  Prince Ribbit (Bailey)
  24 blink frogs
  A spectral elephant (Lair:6)
  10 snapping turtles
  3 dream sheep (Lair:6)
  18 jumping spiders
  A fire elemental (D:15)
  2 wyverns
  72 yaks
  20 culicivoras
  6 humans
  2 vampires
  7 water elementals
  2 wraiths
  4 basilisks
  35 redbacks
  3 vampire mosquitoes
  A death yak simulacrum (Lair:6)
  9 steam dragons
  A glowing shapeshifter zombie (Vaults:4)
  A warg (Orc:2)
  An elf simulacrum (Vaults:3)
  A hydra simulacrum (Lair:6)
  21 water moccasins
  2 hell hounds (D:15)
  2 nameless horrors
  23 orc warriors
  3 sky beasts
  4 black bears
  2 ice beasts (D:5)
  26 wolves
  2 ogres
  A boggart (Vaults:2)
  A phantom (D:7)
  13 centaurs
  A lemure (D:3)
  2 kobold brigands
  22 bullfrogs
  A glowing shapeshifter simulacrum (Vaults:3)
  3 necrophages
  8 wights
  20 killer bees
  2 electric eels (D:12)
  2 howler monkeys
  2 hounds
  13 orc priests
  A gnoll bouda (D:6)
  7 jellies
  Ijyb (D:4)
  Terence (D:3)
  19 orc wizards
  Natasha (thrice) (D:4)
  5 iguanas
  5 polar bear simulacra (D:11)
  A yak simulacrum (D:11)
  3 wolf simulacra (D:11)
  A gnoll (D:1)
  7 adders
  2 shadow imps
  6 white imps
  An ufetubus (D:5)
  7 worms
  4 dart slugs
  63 orcs
  A ball python (D:1)
  7 bats
  4 endoplasms
  2 giant cockroaches
  13 goblins
  9 hobgoblins
  3 jackals (D:1)
  2 quokkas
  A frilled lizard (D:1)
  12 kobolds
  A rat (D:3)
  2 river rat simulacra (D:11)
1151 creatures vanquished.

Vanquished Creatures (collateral kills)
  Rupert (Lair:6)
  A vault warden (Vaults:2)
  3 ironbound preservers
  A broodmother (Spider:4)
  2 dire elephants (Vaults:2)
  An entropy weaver (Spider:4)
  A merfolk javelineer (Shoals:4)
  2 merfolk impalers (Shoals:4)
  A yaktaur captain (Vaults:4)
  2 great orbs of eyes
  A rakshasa (D:15)
  A vault guard (Vaults:2)
  2 boulder beetles
  A peacekeeper (Vaults:2)
  An ironbound frostheart (IceCv)
  A merfolk aquamancer (Shoals:2)
  A satyr (Shoals:3)
  A tengu warrior (D:14)
  2 death yaks
  3 hell knights (Vaults:4)
  2 sea snakes
  4 orb spiders
  2 steelbarb worms
  4 deep trolls
  2 necromancers
  2 ironbound convokers
  3 harpies
  A deep elf pyromancer (D:14)
  5 fauns
  An orc sorcerer (Orc:2)
  3 wolf spiders
  4 manticores
  5 ugly things
  2 cyclopes (Shoals:2)
  An elephant (Lair:6)
  A water nymph (Shoals:4)
  4 merfolk sirens
  3 vault sentinels (Vaults:2)
  A torpor snail (Spider:1)
  An unseen horror (shapeshifter) (D:14)
  8 demonic crawlers
  13 yaktaurs
  4 meliai
  2 polar bears (IceCv)
  8 merfolk
  8 slime creatures
  4 wind drakes (Shoals:4)
  5 tarantellas
  2 dream sheep (Lair:6)
  6 jumping spiders
  A snapping turtle (Shoals:2)
  9 culicivoras
  3 yaks (IceCv)
  A wraith (D:13)
  4 water elementals
  A fire elemental (D:15)
  17 redbacks
  A spectral cane toad (Lair:6)
  An orc warrior (D:12)
  An elephant zombie (Lair:6)
  3 centaurs (D:13)
  A wolf (IceCv)
  An elephant skeleton (Lair:6)
  A cane toad simulacrum (Lair:6)
  2 orc wizards
187 creatures vanquished.

Vanquished Creatures (others)
  A faun (Shoals:3)
  A centaur (D:13)
  An orc priest (Orc:2)
  77 fungi
  141 plants
  23 snaplasher vines
  23 withered plants (Lair:6)
267 creatures vanquished.

Grand Total: 1605 creatures vanquished

Notes
Turn   | Place    | Note
-------+----------+-------------------------------------------
     0 | D:1      | wingedge the Vampire Enchanter began the quest for the Orb.
     0 | D:1      | Reached XP level 1. HP: 13/13 MP: 3/3
   282 | D:1      | Reached XP level 2. HP: 20/20 MP: 5/5
   285 | D:1      | Learned a level 2 spell: Ensorcelled Hibernation
   573 | D:1      | Found a faded altar of an unknown god.
   580 | D:1      | Prayed at the altar of an unknown god.
   580 | D:1      | Became a worshipper of the Wu Jian Council
   580 | D:1      | Reached * piety under Wu Jian
   697 | D:1      | Reached skill level 1 in Fighting
   934 | D:1      | Gained mutation: You are afflicted with vampirism and can
                  | become a bat while bloodless. [Vampire growth]
   934 | D:1      | Reached XP level 3. HP: 26/26 MP: 1/6
  1536 | D:2      | Reached skill level 1 in Ice Magic
  1569 | D:2      | Learned a level 3 spell: Confusing Touch
  1753 | D:3      | Reached XP level 4. HP: 32/32 MP: 0/7
  1817 | D:3      | Noticed Terence
  1821 | D:3      | Killed Terence
  1843 | D:3      | Reached ** piety under Wu Jian
  1969 | D:3      | Reached skill level 5 in Stealth
  2584 | D:3      | Reached XP level 5. HP: 35/38 MP: 5/8
  2616 | D:4      | Reached skill level 5 in Hexes
  2877 | D:4      | Reached XP level 6. HP: 20/44 MP: 7/10
  2974 | D:4      | Noticed Pikel
  3104 | D:4      | Reached skill level 6 in Hexes
  3130 | D:4      | Learned a level 3 spell: Tukima's Dance
  3139 | D:4      | Learned a level 1 spell: Summon Small Mammal
  3215 | D:4      | Killed Pikel
  3216 | D:4      | Reached skill level 1 in Armour
  3216 | D:4      | Reached XP level 7. HP: 16/52 MP: 9/12
  3321 | D:4      | Learned a level 3 spell: Summon Guardian Golem
  3371 | D:4      | Noticed Ijyb
  3407 | D:4      | Killed Ijyb
  3504 | D:4      | Noticed Natasha
  3506 | D:4      | Killed Natasha
  3842 | D:4      | Noticed Natasha
  3856 | D:4      | Killed Natasha
  3970 | D:4      | Noticed Natasha
  3977 | D:4      | Killed Natasha
  3978 | D:4      | Reached XP level 8. HP: 46/46 MP: 10/13
  4000 | D:5      | Entered Level 5 of the Dungeon
  4046 | D:5      | Reached skill level 7 in Hexes
  4603 | D:5      | Learned a level 3 spell: Dazzling Flash
  4641 | D:5      | Reached skill level 1 in Conjurations
  4724 | D:5      | Reached *** piety under Wu Jian
  5177 | D:6      | Reached skill level 8 in Hexes
  5467 | D:6      | Reached XP level 9. HP: 20/51 MP: 2/15
  5656 | D:6      | Got the Catalogue of Hurtful Lightness
  5702 | D:6      | Found a shadowy altar of Dithmenos.
  5817 | D:6      | Found Meim's Magic Scroll Emporium.
  5824 | D:6      | Bought a scroll of fog for 22 gold pieces
  6030 | D:6      | Identified the +5 leather armour "Vujob Laheb" {+Blink rN+
                  | Str+2 Dex+3}
  6772 | D:7      | Found a shimmering blue altar of Sif Muna.
  6946 | D:7      | Found a staircase to the Ecumenical Temple.
  6959 | Temple   | Entered the Ecumenical Temple
  6977 | D:7      | Found an iron altar of Okawaru.
  7048 | D:7      | Reached skill level 5 in Short Blades
  7048 | D:7      | Reached skill level 5 in Dodging
  7144 | D:7      | Found an ornate altar of the Wu Jian Council.
  7937 | D:8      | Noticed Amaemon
  7938 | D:8      | Noticed an orange demon
  8053 | D:8      | Found Wephitan's Antique Weapon Shoppe.
  8176 | D:6      | Bought a scroll of silence for 82 gold pieces
  8176 | D:6      | Bought a scroll of amnesia for 38 gold pieces
  8176 | D:6      | Bought a scroll of enchant weapon for 82 gold pieces
  8182 | D:6      | Learned a level 3 spell: Ozocubu's Armour
  8259 | D:8      | Found Uvveoll's Magic Scroll Emporium.
  8264 | D:8      | Bought a scroll of poison for 49 gold pieces
  8264 | D:8      | Bought a scroll of identify for 28 gold pieces
  8397 | D:8      | Reached skill level 9 in Hexes
  8414 | D:8      | Reached **** piety under Wu Jian
  8634 | D:8      | Reached skill level 5 in Spellcasting
  8799 | D:8      | Reached XP level 10. HP: 58/58 MP: 17/17
  9002 | D:8      | Killed Amaemon
  9003 | D:8      | Reached skill level 1 in Transmutations
  9015 | D:8      | Killed an orange demon
  9087 | D:8      | Learned a level 5 spell: Metabolic Englaciation
  9349 | D:8      | Found Qecka's Book Emporium.
  9586 | D:9      | Reached skill level 10 in Hexes
  9600 | D:9      | Found a flagged portal.
  9632 | Bailey   | Entered a bailey
  9653 | Bailey   | Reached skill level 5 in Summonings
  9889 | Bailey   | Noticed a vault guard
  9889 | Bailey   | Noticed Prince Ribbit
  9894 | Bailey   | Killed Prince Ribbit
  9895 | Bailey   | Reached XP level 11. HP: 62/62 MP: 18/20
  9895 | Bailey   | Killed a vault guard
  9925 | Bailey   | Noticed a vault guard
  9931 | Bailey   | Killed a vault guard
  9995 | D:9      | Noticed Erica
 10001 | D:9      | Killed Erica
 10002 | D:9      | Reached skill level 5 in Fighting
 10002 | D:9      | Reached skill level 1 in Translocations
 10002 | D:9      | Reached skill level 5 in Ice Magic
 10187 | D:9      | Found a staircase to the Lair.
 10347 | D:9      | Reached ***** piety under Wu Jian
 10412 | D:9      | Found an opulent altar of Gozag.
 10421 | D:9      | Found a radiant altar of Vehumet.
 10483 | D:10     | Entered Level 10 of the Dungeon
 10492 | D:10     | Noticed a two-headed ogre
 10502 | D:10     | Killed a two-headed ogre
 10503 | D:10     | Reached skill level 11 in Hexes
 10680 | D:10     | Found a shimmering altar of Xom.
 10703 | D:10     | Reached skill level 10 in Stealth
 10894 | D:10     | Found a sparkling altar of Nemelex Xobeh.
 11542 | D:11     | Noticed a necromancer
 11545 | D:11     | Killed a necromancer
 11813 | D:11     | Noticed a two-headed ogre
 11819 | D:11     | Killed a two-headed ogre
 11841 | D:11     | Found Edagh's General Store.
 11871 | D:11     | Noticed a six-headed hydra
 11877 | D:11     | Killed a six-headed hydra
 12282 | D:12     | Found Tionlijeti's Gadget Gallery.
 12310 | D:12     | Noticed a five-headed hydra
 12317 | D:12     | Killed a five-headed hydra
 12318 | D:12     | Reached XP level 12. HP: 61/69 MP: 22/22
 12352 | D:12     | Learned a level 5 spell: Yara's Violent Unravelling
 12621 | D:12     | Noticed a two-headed ogre
 12633 | D:12     | Killed a two-headed ogre
 12722 | D:12     | Reached skill level 12 in Hexes
 12879 | D:12     | Found a staircase to the Orcish Mines.
 13517 | Lair:1   | Entered Level 1 of the Lair of Beasts
 14457 | Lair:2   | Noticed Nergalle
 14458 | Lair:2   | Killed Nergalle
 14676 | Lair:2   | Noticed a six-headed hydra
 14678 | Lair:2   | Killed a six-headed hydra
 14855 | Lair:2   | Found a runed translucent gate.
 14855 | Lair:2   | Found a runed translucent gate.
 14855 | Lair:2   | Found a runed translucent gate.
 14855 | Lair:2   | Found a viscous altar of Jiyva.
 14855 | Lair:2   | Noticed Coguiqiqih's ghost (journeyman DrCA)
 14883 | Lair:2   | Killed Coguiqiqih's ghost
 15074 | Lair:2   | Reached XP level 13. HP: 76/76 MP: 25/25
 15228 | Lair:3   | Reached skill level 1 in Shields
 15228 | Lair:3   | Reached skill level 13 in Hexes
 15536 | Lair:3   | Reached skill level 5 in Transmutations
 15884 | Lair:3   | Reached ****** piety under Wu Jian
 16080 | Lair:4   | Identified a scroll of acquirement
 16092 | Lair:4   | Acquired 805 gold pieces
 16272 | D:11     | Bought the +3 leather armour of the Shoals {MP+9 Int+7
                  | Stlth+} for 1026 gold pieces
 16501 | Lair:4   | Found an opulent altar of Gozag.
 16579 | Lair:4   | Found a hole to the Spider Nest.
 16958 | Lair:4   | Found a staircase to the Shoals.
 17734 | Lair:5   | Found a viscous altar of Jiyva.
 17735 | Lair:5   | Found a staircase to the Slime Pits.
 17923 | Lair:5   | Reached skill level 10 in Short Blades
 18559 | Lair:5   | Reached skill level 14 in Hexes
 18559 | Lair:5   | Reached XP level 14. HP: 83/83 MP: 26/26
 18871 | D:6      | Bought a scroll of acquirement for 572 gold pieces
 18871 | D:6      | Acquired 799 gold pieces
 18873 | D:6      | Bought a scroll of blinking for 82 gold pieces
 19001 | D:11     | Bought a scroll of enchant weapon for 127 gold pieces
 19085 | D:8      | Bought a book of the Wilderness for 494 gold pieces
 19092 | D:8      | Learned a level 5 spell: Summon Mana Viper
 19252 | Lair:6   | Entered Level 6 of the Lair of Beasts
 19285 | Lair:6   | Noticed Rupert
 19978 | Lair:6   | Found a runed translucent gate.
 19979 | Lair:6   | Found a runed translucent gate.
 19980 | Lair:6   | Found a runed translucent gate.
 19994 | Lair:6   | Killed Rupert
 20080 | Lair:6   | Noticed zeratav's ghost (journeyman TrFi)
 20815 | Lair:6   | HP: 4/84 [dire elephant (19)]
 21180 | Lair:6   | Reached skill level 5 in Shields
 21191 | Lair:6   | Identified the amulet of Qausaelo {Spirit -Tele Will+
                  | Slay+3}
 21519 | Orc:1    | Entered Level 1 of the Orcish Mines
 21737 | Orc:1    | Noticed Maurice
 21745 | Orc:1    | Killed Maurice
 21824 | Orc:1    | Reached skill level 15 in Hexes
 22244 | Orc:2    | Entered Level 2 of the Orcish Mines
 22259 | Orc:2    | Found a staircase to the Elven Halls.
 22730 | Orc:2    | Reached XP level 15. HP: 44/89 MP: 14/28
 23106 | Orc:2    | Found Porautir's Distillery.
 23106 | Orc:2    | Found Kigioheo's Magic Scroll Boutique.
 23108 | Orc:2    | Found Naci's Book Shoppe.
 23108 | Orc:2    | Found Rurghimu's Magic Scroll Boutique.
 23114 | Orc:2    | Bought a potion of curing for 45 gold pieces
 23117 | Orc:2    | Bought a scroll of identify for 28 gold pieces
 23122 | Orc:2    | Bought a scroll of blinking for 120 gold pieces
 23125 | Orc:2    | Bought a book of Transfigurations for 560 gold pieces
 23207 | D:12     | Learned a level 2 spell: Wereblood
 23498 | D:13     | Found a frozen archway.
 23507 | IceCv    | Entered an ice cave
 23848 | IceCv    | Reached skill level 10 in Spellcasting
 24434 | D:14     | Upgraded the game from 0.29-a0-775-g4d7333d4e2 to
                  | 0.29-a0-789-g7a8fcbc185
 24664 | D:14     | Found a gate to the Vaults.
 24684 | D:14     | Found Pyuph's Jewellery Shop.
 25315 | D:14     | Learned a level 7 spell: Enfeeble
 25476 | Orc:2    | Bought a scroll of amnesia for 56 gold pieces
 25763 | D:15     | Entered Level 15 of the Dungeon
 25851 | D:15     | Noticed Azrael
 26112 | D:14     | Learned a level 5 spell: Summon Forest
 26224 | D:15     | Reached skill level 16 in Hexes
 26617 | D:15     | Killed Azrael
 27002 | D:15     | Found a staircase to the Depths.
 27267 | Shoals:1 | Entered Level 1 of the Shoals
 27267 | Shoals:1 | Found Igiqumi's Antique Weapon Boutique.
 27310 | Shoals:1 | Reached XP level 16. HP: 91/96 MP: 30/30
 27384 | Shoals:1 | Found Ataonkoe's Armour Shoppe.
 27440 | Shoals:1 | Found Xeitsisch's Antique Armour Boutique.
 27779 | D:14     | Bought a +6 ring of intelligence for 432 gold pieces
 28081 | Shoals:1 | Found Xaid's Jewellery Shop.
 28386 | Shoals:1 | Found Zonarime's Jewellery Emporium.
 29314 | Shoals:3 | Reached skill level 5 in Translocations
 29935 | Shoals:3 | Reached skill level 10 in Fighting
 30059 | Shoals:4 | Entered Level 4 of the Shoals
 30059 | Shoals:4 | Noticed Aizul
 30060 | Shoals:4 | Noticed Donald
 30077 | Shoals:3 | Killed Aizul
 30127 | Shoals:4 | Killed Donald
 30805 | Shoals:4 | Reached skill level 10 in Summonings
 30881 | Shoals:4 | Got the Grimoire of Dusty Evil Arts
 30889 | Shoals:4 | Found Ononwor's Weapon Shop.
 31144 | Shoals:4 | Reached XP level 17. HP: 58/102 MP: 31/31
 31675 | Shoals:4 | Reached skill level 1 in Earth Magic
 31798 | Shoals:4 | Got a barnacled rune of Zot
 31866 | Shoals:4 | Found the amulet of the Four Winds {rN+ Will+++ Clar}
 32469 | Spider:1 | Entered Level 1 of the Spider Nest
 32692 | Spider:1 | Reached skill level 10 in Dodging
 32703 | Spider:1 | Reached skill level 5 in Armour
 34531 | Spider:2 | Reached skill level 17 in Hexes
 35102 | Spider:2 | Reached skill level 15 in Stealth
 36036 | Spider:3 | Identified the +1 ring mail "Luck" {+Blink rC+}
 36165 | Spider:3 | Noticed Mlioglotl
 36199 | Spider:3 | Killed Mlioglotl
 36811 | Spider:2 | Upgraded the game from 0.29-a0-789-g7a8fcbc185 to
                  | 0.29-a0-802-g34511f41fd
 37202 | Spider:3 | Reached XP level 18. HP: 108/108 MP: 33/33
 37508 | Spider:4 | Entered Level 4 of the Spider Nest
 37689 | Spider:4 | Identified the amulet "Seasmosh" {Spirit rN++ Int-4 SInv}
 39002 | Spider:4 | Identified the +2 flail of Jizufet {speed, rCorr}
 39366 | Spider:4 | Got a gossamer rune of Zot
 39813 | Lair:6   | Learned a level 6 spell: Summon Cactus Giant
 39943 | Lair:6   | Killed zeratav's ghost
 40471 | Vaults:1 | Entered Level 1 of the Vaults
 41507 | Vaults:1 | Found Totryd Olev's Magic Scroll Boutique.
 41792 | Vaults:1 | Found Bugh's Weapon Emporium.
 43499 | Vaults:2 | Reached XP level 19. HP: 114/114 MP: 35/35
 44455 | Vaults:2 | Reached skill level 18 in Hexes
 44618 | Vaults:2 | Found Bebaari's Weapon Boutique.
 44825 | Vaults:2 | Noticed a bone dragon
 44826 | Vaults:2 | Found a staircase to the Crypt.
 44827 | Vaults:2 | Killed a bone dragon
 45522 | Vaults:3 | Reached skill level 15 in Short Blades
 46340 | Vaults:3 | Found Jelon's General Store.
 46346 | Vaults:3 | Bought a potion of heal wounds for 85 gold pieces
 47274 | Vaults:4 | Identified the +2 leather armour of Nuehoit {rF++ MP+9
                  | Int-5}
 47394 | Vaults:4 | Noticed Margery
 47780 | Vaults:4 | Found Zofieff's Book Boutique.
 48217 | Vaults:4 | Reached XP level 20. HP: 120/120 MP: 37/37
 48267 | Vaults:4 | Killed Margery
 48884 | Elf:1    | Entered Level 1 of the Elven Halls
 49312 | Depths:1 | Entered Level 1 of the Depths
 50086 | Shoals:1 | Bought a runed helmet for 232 gold pieces
 50671 | Depths:1 | Found a gateway to Hell.
 51470 | Depths:2 | Killed from afar by a spriggan air mage

Illustrated notes

Levels and vault maps discovered:
D:1:      dpeg_arrival_circle_labyrinth_c, layout_loops_cross,
          shapermc_ecumenical_altar_totnotflames
D:2:      layout_basic
D:3:      layout_loops_ring, uniq_terence
D:4:      layout_rooms, reono_crystal_passage, minmay_misc_feat_iff,
          uniq_natasha, uniq_pikel, uniq_ijyb
D:5:      layout_loops_ring, guppyfry_early_orc_mine
D:6:      kennysheep_big_flooded_room, layout_loops_ring, lemuel_tele_altar,
          serial_shops, nicolae_shop_hallway_plus, minmay_fractal_squares_5
D:7:      layout_basic, okawaru_altar_gauntlet_db, mainiacjoe_overflow_catwalk,
          mainiacjoe_overflow_alcove_4, minmay_temple_entry_junction,
          roderic_lattice_a, minmay_ruffians
D:8:      layout_basic, serial_shops, nicolae_square_shop, nicolae_diamond_shop,
          shop, grunt_tough_drop, uniq_amaemon
D:9:      layout_basic, minitemple, grunt_lair_entry_orc_guard_hut,
          enter_bailey_5, uniq_erica
D:10:     layout_irregular_city, dk_xom_monty_hall,
          nemelex_xobeh_ov_fountains_minmay, serial_rivers,
          chequers_serial_rivers_large_b, chequers_serial_rivers_micro_b,
          chequers_serial_rivers_room_a, chequers_serial_rivers_small_a,
          chequers_serial_rivers_marsh, chequers_serial_rivers_room_a
D:11:     layout_irregular_city, serial_shops, shop, eino_house_with_fridge
D:12:     layout_roguey, erik_orc_2, nicolae_shop_gadgets
D:13:     layout_roguey, portal_ice_cave_entry_pillars_1, serial_corexii_hall,
          corexii_hall_statues_s, corexii_hall_statues_t,
          chequers_hall_statues_y
D:14:     layout_irregular_city, david_vaults_1, serial_shops, shop,
          glass_columns_a
D:15:     gammafunk_enter_depths_forms, layout_cave_pools,
          minmay_misc_feat_more_columns, uniq_azrael
Temple:   jpeg_temple_clearing
Lair:1:   layout_regular_city, grunt_megastairs_2
Lair:2:   layout_misc_corridors, gammafunk_ghost_ooze,
          infiniplex_staircase_pool, uniq_nergalle
Lair:3:   layout_roguey, chequers_serial_rivers_marsh
Lair:4:   layout_concentric_octagons, minmay_shoals_entry_lonely_mermaid,
          nicolae_spider_entry_tight_spaces, basic_altar, serial_bayou_crossing
Lair:5:   layout_regular_city, slime_entry_1, bobbens_dragon_lair_wall,
          grunt_megastairs_4, lemuel_fruit_tree, serial_bayou_shore_b
Lair:6:   due_jungle_book, layout_loops_ring, gammafunk_ghost_necromancy,
          st_stairs_8, uniq_rupert
Shoals:1: layout_shoals, serial_shops, shop, nicolae_shop_behind_doors,
          shop_statue, shop_statue, nicolae_shop_advertising_works
          [nicolae_subvault_shop_adworks]
Shoals:2: layout_shoals, st_cyclops
Shoals:3: layout_shoals
Shoals:4: shoals_end_grunt_ice, layout_shoals, serial_shops, shop, uniq_donald,
          uniq_aizul
Spider:1: layout_spider_delve
Spider:2: layout_spider_delve, nicolae_crawler_farm
Spider:3: layout_chambers, hive_lemuel, uniq_mlioglotl
Spider:4: guppyfry_spider_rune
Orc:1:    layout_diamond_mine, basic_altar, uniq_maurice
Orc:2:    grunt_orc_tribal_feast, layout_diamond_mine
Elf:1:    elf_arrival_002, layout_geoelf_octagon, orc_legates
Vaults:1: hangedman_vaults_corner, v_misc_28, vaults_room_ringed_pool,
          vaults_standard_mumra_lines, nicolae_vaults_murderbox,
          nicolae_vaults_network_periphery, hangedman_vaults_river_flow,
          nicolae_vaults_big_ls, nicolae_vaults_theta,
          nicolae_vaults_little_squares_2, ontoclasm_vaults_loading_screen,
          layout_vaults_ring, serial_shops, shop,
          nicolae_shop_bloodbath_and_beyond
Vaults:2: nicolae_vaults_mini_display_case, vaults_room_octagon,
          minmay_crypt_entry_nasty_monster, vaults_mumra_lcd,
          grunt_vaults_funnel, v_misc_18, nicolae_vaults_ring_of_whatevers,
          nicolae_vaults_quartermaster, vaults_mumra_hexcomb, v_rooms_6,
          nicolae_vaults_stairing_the_circle, ontoclasm_vaults_gateway,
          grunt_vaults_hallway_short, layout_vaults_omnicross, serial_shops,
          nicolae_shop_crystal
Vaults:3: nicolae_vaults_circle_grid_b, v_misc_23, v_misc_14, serial_ice_h,
          layout_vaults_omnigrid, serial_shops, shop
Vaults:4: v_rooms_4, nicolae_vaults_little_squares_2,
          nicolae_vaults_know_your_exits, vaults_room_stairs_pillars, v_misc_4,
          nicolae_vaults_bisected_slash, v_rooms_1, ontoclasm_vaults_idyll,
          vaults_room_door_ring, hangedman_vaults_impose, v_rooms_5,
          hangedman_vaults_trim, layout_vaults_big_room, serial_shops,
          shop_statue, uniq_margery
Depths:1: layout_honeycomb, pf_hell_entry_tar_spiral,
          minmay_misc_feat_secret_circle, minmay_pinched_square
Depths:2: kennysheep_scales, layout_cave_pools, enter_ziggurat_e,
          grunt_hell_horde, pan_entry, lemuel_coloured_pillars_altar,
          serial_glass, glass_columns_a, glass_columns_a,
          marbit_kobold_abyss_entry, nicolae_ru_the_path_less_chosen,
          minmay_shop_grove

Skill      XL: |  1  2  3  4  5  6  7  8  9 10 11 12 13 14 15 16 17 18 19 20 |
---------------+-------------------------------------------------------------+-----
Fighting       | 1 2 3 4 5 7 8 9 10 11 | 11.7
Ice Magic      | 1 2 3 4 5 6 7 |  7.0
Stealth        | 5 6 7 8 9 10 11 12 13 14 15 16 17 | 17.1
Short Blades   | 2 3 4 5 6 8 9 10 11 12 13 14 15 | 15.7
Hexes          | 5 6 8 9 10 11 12 14 15 16 17 18 | 18.7
Dodging        | 3 4 5 6 7 8 9 10 11 12 | 12.0
Armour         | 1 2 3 4 5 6 |  6.0
Spellcasting   | 3 4 5 6 7 8 9 10 11 12 13 | 13.5
Summonings     | 2 3 4 5 6 7 8 9 10 11 12 13 | 13.1
Conjurations   | 1 2 3 |  3.0
Transmutations | 2 4 5 6 7 8 |  8.3
Translocations | 2 3 4 5 6 7 8 |  8.2
Shields        | 3 5 7 8 9 |  9.9
Earth Magic    | 1 |  1.0

Action                   |  1- 3 |  4- 6 |  7- 9 | 10-12 | 13-15 | 16-18 | 19-21 || total
-------------------------+-------+-------+-------+-------+-------+-------+-------++-------
Melee: Dagger            |    47 |    70 |   218 |   473 |   305 |       |       ||  1113
       Bite              |     3 |     9 |    38 |    55 |   159 |   145 |    94 ||   503
       Rapier            |       |     4 |       |       |   691 |  1063 |   551 ||  2309
       Punch             |       |     2 |     4 |     8 |       |       |       ||    14
       Flail             |       |     3 |    36 |       |       |       |       ||    39
       Scimitar          |       |       |       |       |    25 |       |       ||    25
Throw: Dart              |     8 |       |       |       |       |       |       ||     8
       Javelin           |       |       |       |       |       |     2 |       ||     2
 Cast: Ensorcelled Hiber |    12 |    22 |    63 |    88 |   172 |   193 |   110 ||   660
       Confusing Touch   |       |     3 |    18 |    45 |   102 |    43 |    24 ||   235
       Summon Guardian G |       |       |     5 |       |       |       |       ||     5
       Tukima's Dance    |       |       |     4 |     1 |       |       |       ||     5
       Summon Small Mamm |       |       |     2 |       |       |       |       ||     2
       Dazzling Flash    |       |       |     1 |     8 |    31 |       |       ||    40
       Ozocubu's Armour  |       |       |       |    14 |    32 |       |       ||    46
       Yara's Violent Un |       |       |       |     5 |    33 |    11 |     5 ||    54
       Metabolic Englaci |       |       |       |     3 |    25 |    11 |     1 ||    40
       Summon Mana Viper |       |       |       |       |    41 |    44 |     9 ||    94
       Wereblood         |       |       |       |       |     5 |       |       ||     5
       Enfeeble          |       |       |       |       |     2 |    93 |    57 ||   152
       Summon Forest     |       |       |       |       |     1 |    41 |    12 ||    54
       Summon Cactus Gia |       |       |       |       |       |     6 |    12 ||    18
Invok: Lunge             |    13 |    10 |    49 |    68 |   132 |   156 |    86 ||   514
       Whirlwind         |     2 |     2 |     7 |    34 |   127 |   174 |    97 ||   443
       Serpent's Lash    |       |       |       |       |     8 |    21 |    12 ||    41
       Heavenly Storm    |       |       |       |       |     2 |     3 |     2 ||     7
 Abil: Wall Jump         |       |     3 |       |     2 |     8 |    11 |     2 ||    26
       Exsanguinate      |       |       |     1 |     1 |     2 |     1 |       ||     5
       Revivify          |       |       |       |     1 |     2 |     1 |       ||     4
       End Transformatio |       |       |       |       |       |     1 |       ||     1
       Bat Form          |       |       |       |       |       |     1 |       ||     1
Evoke: Wand              |       |       |     2 |     3 |     9 |     1 |       ||    15
       Lightning rod     |       |       |       |       |     2 |       |       ||     2
       Phantom mirror    |       |       |       |       |     1 |       |       ||     1
       Phial of floods   |       |       |       |       |     1 |       |       ||     1
  Use: Potion            |     1 |     2 |     1 |       |     9 |    15 |    13 ||    41
       Scroll            |       |     2 |    10 |    13 |    26 |     6 |     4 ||    61
 Stab: Sleeping          |    20 |    20 |    58 |    78 |   137 |   148 |    71 ||   532
       Confused          |       |     2 |    11 |    51 |    87 |    33 |    26 ||   210
       Invisible         |       |     2 |       |     7 |    35 |    81 |    47 ||   172
       Distracted        |       |       |     1 |     6 |    14 |    12 |     9 ||    42
Armor: Leather armour    |     3 |     8 |    27 |   138 |   251 |   257 |    53 ||   737
       Ring mail         |       |       |    31 |       |       |       |       ||    31
Dodge: Dodged            |    20 |    33 |   110 |   297 |   692 |   602 |   154 ||  1908
       Repelled          |       |       |       |       |       |       |     3 ||     3
Block: Kite shield       |       |       |       |     2 |   534 |   561 |    48 ||  1145
       Tower shield      |       |       |       |       |       |       |   203 ||   203

Table legend: (Time is in decaauts)
 A = Elapsed time spent in this place.
 B = Non-inter-level travel time spent in this place.
 C = Inter-level travel time spent in this place.
 D = Time resting spent in this place.
 E = Time spent auto-exploring this place.
 F = Levels seen in this place.
 G = Mean time per level.
                   A        B        C        D        E       F      G
               +--------+--------+--------+--------+--------+-----+--------+
         Total |  51458 |  43689 |   7769 |  15570 |   5263 |  41 | 1255.1 |
       Dungeon |  18886 |  15277 |   3609 |   4198 |   4376 |  15 | 1259.1 |
        Temple |      1 |      1 |      0 |      0 |      0 |   1 |    1.0 |
          Lair |   9428 |   7541 |   1887 |   3141 |     26 |   6 | 1571.3 |
        Shoals |   4925 |   4565 |    360 |   1758 |      0 |   4 | 1231.2 |
   Spider Nest |   6349 |   5966 |    383 |   2911 |    589 |   4 | 1587.2 |
  Orcish Mines |   2092 |   1761 |    331 |    588 |    180 |   2 | 1046.0 |
   Elven Halls |     26 |     26 |      0 |      0 |      0 |   1 |   26.0 |
        Vaults |   7710 |   6712 |    998 |   2422 |     91 |   4 | 1927.5 |
        Depths |   1132 |    934 |    198 |    230 |      0 |   2 |  566.0 |
        Bailey |    317 |    317 |      0 |    149 |      0 |   1 |  317.0 |
      Ice Cave |    588 |    588 |      0 |    171 |      0 |   1 |  588.0 |
               +--------+--------+--------+--------+--------+-----+--------+

Top non-repeatable levels by time:
  Lair:4: 2678 daAuts
  Lair:6: 2313 daAuts
Vaults:1: 2257 daAuts
Vaults:2: 2246 daAuts
Spider:4: 1902 daAuts
Shoals:4: 1702 daAuts
Spider:1: 1638 daAuts
     D:6: 1608 daAuts
Vaults:3: 1608 daAuts
Vaults:4: 1598 daAuts
Shoals:3: 1558 daAuts
Spider:3: 1524 daAuts
    D:12: 1505 daAuts
     D:7: 1491 daAuts
    D:11: 1458 daAuts
